 Dungeon Crawl Stone Soup version 0.22-a0-456-g11ed031 (webtiles) character file.

3694 xccam the Grappler (level 9, -20/70 HPs)
             Began as a Yellow Draconian Transmuter on June 6, 2018.
             Was a Believer of Qazlal.
             Demolished by a death yak (21 damage)
             ... on level 8 of the Dungeon.
             The game lasted 00:15:58 (8129 turns).

xccam the Grappler (Yellow Draconian Transmuter)    Turns: 8129, Time: 00:15:58

Health: -20/70     AC:  8    Str: 14    XL:     9   Next: 90%
Magic:  13/16      EV: 12    Int: 14    God:    Qazlal [**....]
Gold:   417        SH:  3    Dex: 13    Spells: 7/18 levels left

rFire    . . .     SeeInvis .     - Unarmed
rCold    + . .     Gourm    .   (shield currently unavailable)
rNeg     . . .     Faith    +   (armour unavailable)
rPois    .         Spirit   .   (helmet restricted)
rElec    .         Reflect  .   m - +0 cloak
rCorr    +         Harm     .   (gloves currently unavailable)
MR       .....                  (no boots)
Stlth    +.........             y - amulet of faith
HPRegen  0.21/turn              j - ring of wizardry
MPRegen  0.15/turn              A - ring of protection from cold

@: about to teleport, blade hands (expiring)
A: spit acid, acid resistance, unfitting armour, cold-blooded, AC +7
a: Breathe Acid, End Transformation, Upheaval, Renounce Religion


You were on level 8 of the Dungeon.
You worshipped Qazlal.
Qazlal was pleased with you.
You were hungry.
You had blades for hands.
You visited 2 branches of the dungeon, and saw 9 of its levels.

You collected 417 gold pieces.

Inventory:

Missiles
 a - 57 arrows
Armour
 d - a +2 pair of gloves (melded)
 m - a +0 cloak (worn)
 u - a +0 buckler (melded)
Jewellery
 j - a ring of wizardry (left scythe-like blade)
 o - an uncursed ring of fire
 w - an uncursed ring of see invisible
 y - an amulet of faith (around neck)
 A - a ring of protection from cold (right scythe-like blade)
 B - a cursed ring of ice {unknown}
Wands
 n - a wand of iceblast (9)
Scrolls
 b - a scroll of teleportation
 f - 2 scrolls of blinking {unknown}
 i - 2 scrolls of remove curse
 p - a scroll of amnesia {unknown}
 r - a scroll of random uselessness
 v - a scroll of fog {unknown}
 z - a scroll of fear {unknown}
Potions
 e - a potion of resistance
 h - a potion of cancellation
 k - 2 potions of mutation
 l - a potion of might
 s - 2 potions of invisibility
Comestibles
 c - 11 rations
 g - 2 chunks of flesh


   Skills:
 + Level 3.2 Fighting
 - Level 1.7 Dodging
 - Level 5.2 Shields
 + Level 8.8 Unarmed Combat
 - Level 5.2 Spellcasting
 + Level 7.4 Transmutations
 + Level 4.4 Invocations


You had 7 spell levels left.
You knew the following spells:

 Your Spells              Type           Power        Failure   Level  Hunger
a - Beastly Appendage     Tmut           ###...       6%          1    None
b - Sticks to Snakes      Tmut           ###.....     7%          2    ##.....
c - Spider Form           Tmut/Pois      ##........   21%         3    ###....
d - Blade Hands           Tmut           ###.......   32%         5    ######.

Your spell library contained the following spells:

 Spells                   Type           Power        Failure   Level  Hunger
 Ice Form                 Ice/Tmut       ##......     45%         4    ####...


Dungeon Overview and Level Annotations

Branches:
Dungeon (8/15)             Temple (1/1) D:5
   Lair: D:8-11

Altars:
Ashenzari
Cheibriados
Hepliaklqana
Kikubaaqudgha
Makhleb
Nemelex Xobeh
Qazlal
Ru
Trog
Uskayaw
Vehumet
Wu Jian
Xom
Yredelemnul
Zin
The Shining One


Innate Abilities, Weirdness & Mutations

You can spit globs of acid.
You are resistant to acid.
Your golden yellow scales are hard. (AC +7)
You cannot fit into any form of body armour.
You are cold-blooded and may be slowed by cold attacks.


Message History

The death yak is heavily wounded.
You have got your breath back.
The death yak closely misses you. The death yak barely misses you.
You hit the death yak.
Your tail-slap misses the death yak.
The death yak is severely wounded.
The death yak gores you!!
* * * LOW HITPOINT WARNING * * *
The death yak gores you.
* * * LOW HITPOINT WARNING * * *
Okay, then.
You feel better.
Your transformation is almost over.
You block the death yak's attack. The death yak gores you.
* * * LOW HITPOINT WARNING * * *
As you read the scroll of teleportation, it crumbles to dust.
You feel strangely unstable. The hell rat barely misses you.
The death yak gores you!
* * * LOW HITPOINT WARNING * * *
The death yak gores you!!
You die...

..........####..#
...[......##....
#........##....
#........##..#.
#........##....
#####.†.......#..#.
#.....†.....#.#..#.
.
#.....#######.#....
...r###Y@...#
#..#.#[
...r.rrrY...#
##.#.#)
....###.....#
#...#[ .. #######
##..#. #..#. #.>#.
##.#. .#. ####


You could see 2 death yaks, a hell rat, 2 river rats and a quokka.

Vanquished Creatures
  A two-headed ogre (D:8)
  A death yak (D:8)
  A spriggan (D:7)
  An orc warrior (D:7)
  2 ice beasts
  2 phantoms (D:7)
  3 sky beasts
  An ogre (D:5)
  3 bullfrogs (D:6)
  4 killer bees (D:7)
  5 wights (D:8)
  3 howler monkeys (D:7)
  2 crimson imps
  A quasit (D:7)
  A bullfrog zombie (D:5)
  3 centaur zombies
  An orc wizard (D:7)
  Crazy Yiuf (D:3)
  2 hounds (D:7)
  3 jellies
  3 iguanas
  2 worker ants
  A hound zombie (D:5)
  2 hound skeletons
  8 adders
  A shadow imp (D:6)
  An ooze (D:3)
  An adder zombie (D:8)
  An adder skeleton (D:4)
  2 worms
  2 dart slugs
  4 leopard geckos
  10 orcs
  5 bats
  4 giant cockroaches
  8 goblins
  3 hobgoblins
  10 jackals
  7 kobolds
  3 quokkas
  2 ball pythons
  3 frilled lizards
  3 jackal skeletons
  6 rats
133 creatures vanquished.

Notes
Turn   | Place    | Note
-------+----------+-------------------------------------------
     0 | D:1      | xccam the Draconian Transmuter began the quest for the Orb.
     0 | D:1      | Reached XP level 1. HP: 16/16 MP: 3/3
   347 | D:1      | Reached XP level 2. HP: 23/23 MP: 5/5
   679 | D:1      | Reached skill level 4 in Unarmed Combat
   911 | D:2      | Reached XP level 3. HP: 28/28 MP: 6/6
  1297 | D:2      | Reached skill level 5 in Unarmed Combat
  1297 | D:2      | Reached XP level 4. HP: 27/35 MP: 7/7
  1767 | D:3      | Found a sparkling altar of Nemelex Xobeh.
  2356 | D:3      | Found a runed door.
  2655 | D:3      | Learned a level 2 spell: Sticks to Snakes
  2657 | D:3      | Noticed Crazy Yiuf
  2663 | D:3      | Paralysed by Crazy Yiuf for 3 turns
  2666 | D:3      | Killed Crazy Yiuf
  3630 | D:5      | Entered Level 5 of the Dungeon
  3736 | D:5      | Reached XP level 5. HP: 40/40 MP: 8/8
  3823 | D:5      | Reached skill level 6 in Unarmed Combat
  3860 | D:5      | Noticed a sky beast
  3884 | D:5      | Killed a sky beast
  3884 | D:5      | Reached XP level 6. HP: 29/47 MP: 9/9
  3927 | D:5      | Found a staircase to the Ecumenical Temple.
  4007 | D:5      | Learned a level 3 spell: Spider Form
  4021 | Temple   | Entered the Ecumenical Temple
  4044 | Temple   | Became a worshipper of Qazlal Stormbringer
  4233 | D:5      | Reached skill level 1 in Shields
  4669 | D:6      | Noticed a two-headed ogre
  5072 | D:6      | Your scales start taking on a golden yellow colour.
  5072 | D:6      | Reached XP level 7. HP: 34/52 MP: 10/10
  5197 | D:6      | Learned a level 5 spell: Blade Hands
  5323 | D:6      | Found a hide-covered altar of Uskayaw.
  5502 | D:6      | Reached * piety under Qazlal
  5650 | D:7      | Noticed a spriggan baker
  5671 | D:7      | Killed a spriggan baker
  5671 | D:7      | Reached skill level 5 in Shields
  5671 | D:7      | Reached XP level 8. HP: 52/59 MP: 9/14
  5815 | D:7      | Reached skill level 5 in Spellcasting
  6291 | D:7      | Reached skill level 5 in Transmutations
  6336 | D:7      | Reached skill level 7 in Unarmed Combat
  6714 | D:7      | Reached XP level 9. HP: 46/64 MP: 16/16
  7450 | D:8      | Reached ** piety under Qazlal
  7459 | D:8      | Noticed a two-headed ogre
  7471 | D:8      | Killed a two-headed ogre
  7471 | D:8      | Reached skill level 8 in Unarmed Combat
  8101 | D:8      | Noticed a death yak
  8109 | D:8      | Noticed a death yak
  8110 | D:8      | Noticed a death yak
  8120 | D:8      | Killed a death yak
  8129 | D:8      | HP: 1/70 [death yak (12)]
  8129 | D:8      | Demolished by a death yak

Vault maps used:
D:1:      kennysheep_arrival_forest, minivault_27, moated_statue
D:3:      nemelex_lonely_heart_becter, uniq_crazy_yiuf_cottage
D:4:      first_ration, corner_web_ring, minivault_19
D:5:      temple_pool_b
D:6:      eat_drink_and_be_merry_uskayaw, kennysheep_opposing_triangles
D:7:      the_bakery
D:8:      dpeg_lair_monsters
Temple:   nicolae_temple_the_god_donut

Skill      XL: |  1  2  3  4  5  6  7  8  9 |
---------------+----------------------------+-----
Unarmed Combat | 4 5 6 7 8 |  8.8
Transmutations | 3 4 6 7 |  7.4
Shields        | 3 5 |  5.2
Spellcasting   | 4 5 |  5.2
Invocations    | 4 |  4.4
Fighting       | 3 |  3.2
Dodging        | |  1.7

Action                   |  1- 3 |  4- 6 |  7- 9 || total
-------------------------+-------+-------+-------++-------
Melee: Unarmed           |   138 |   193 |   404 ||   735
       Tailslap          |    12 |    19 |    52 ||    83
       Punch             |       |     4 |     2 ||     6
       Kick              |       |     7 |     2 ||     9
       Headbutt          |       |       |     9 ||     9
 Cast: Beastly Appendage |       |     3 |     3 ||     6
       Sticks to Snakes  |       |     3 |     2 ||     5
       Blade Hands       |       |       |     1 ||     1
 Abil: Breathe Acid      |       |       |     6 ||     6
  Use: Scroll            |       |     4 |     5 ||     9
       Potion            |       |     2 |     6 ||     8
 Stab: Sleeping          |       |     1 |       ||     1
       Invisible         |       |       |     2 ||     2
  Eat: Chunk             |       |     7 |     7 ||    14
       Ration            |       |     2 |     1 ||     3
Armor: Skin              |    33 |    63 |   138 ||   234
Dodge: Dodged            |    89 |    92 |   175 ||   356
Block: Buckler           |       |    13 |    82 ||    95
       Other             |       |       |     1 ||     1

Table legend:
 A = Spawn XP
 B = Non-spawn XP
 C = Spawn XP percentage of total XP
 D = Spawn monster count
 E = Non-spawn monster count
 F = Spawn count percentage of total count
 G = Total turns spent on level
                    A         B        C        D         E        F      G
               +---------+---------+-------+---------+---------+-------+---------
         Total |       0 |    5278 |   0.0 |       0 |     133 |   0.0 |  8129
               +---------+---------+-------+---------+---------+-------+---------
           D:1 |       0 |      35 |   0.0 |       0 |      19 |   0.0 |   891
           D:2 |       0 |      82 |   0.0 |       0 |      16 |   0.0 |   839
           D:3 |       0 |      64 |   0.0 |       0 |      12 |   0.0 |  1220
           D:4 |       0 |       9 |   0.0 |       0 |       4 |   0.0 |   680
           D:5 |       0 |     516 |   0.0 |       0 |      13 |   0.0 |  1295
           D:6 |       0 |     534 |   0.0 |       0 |      22 |   0.0 |   658
           D:7 |       0 |    1661 |   0.0 |       0 |      31 |   0.0 |  2060
           D:8 |       0 |    2377 |   0.0 |       0 |      16 |   0.0 |   439
               +---------+---------+-------+---------+---------+-------+---------
